 Dungeon Crawl Stone Soup version 0.21.0-26-g889b8f6872 (webtiles) character file.

5627 KamiKatze the Destroyer (level 10, -7/50 HPs)
             Began as a Deep Elf Conjurer on Jan 27, 2018.
             Was a Priest of Sif Muna.
             Mangled by an ogre
             ... wielding a +0 giant club
              (29 damage)
             ... on level 8 of the Dungeon.
             The game lasted 00:43:15 (8842 turns).

KamiKatze the Destroyer (Deep Elf Conjurer)         Turns: 8842, Time: 00:43:16

Health: -7/50      AC:  3    Str:  7    XL:     10   Next: 46%
Magic:  12/25      EV: 13    Int: 24    God:    Sif Muna [***...]
Gold:   399        SH:  6    Dex: 15    Spells: 6/28 levels left

rFire    . . .     SeeInvis .   i - +2 whip (elec)
rCold    + . .     Gourm    .   o - +0 buckler
rNeg     . . .     Faith    .   a - +1 robe
rPois    .         Spirit   .   (no helmet)
rElec    .         Reflect  .   (no cloak)
rCorr    .         Harm     .   (no gloves)
MR       +....                  (no boots)
Stlth    ++........             y - amulet of inaccuracy
HPRegen  0.16/turn              e - +2 ring of strength
MPRegen  0.19/turn              D - ring of protection from cold

@: no status effects
A: no striking features
a: Divine Energy, Channel Magic, Renounce Religion


You were on level 8 of the Dungeon.
You worshipped Sif Muna.
Sif Muna was most pleased with you.
You were not hungry.

You visited 2 branches of the dungeon, and saw 10 of its levels.

You collected 399 gold pieces.

Inventory:

Hand Weapons
 g - a +0 dagger of speed
 i - a +2 whip of electrocution (weapon)
 B - a +3 dagger
 G - a +1 whip of electrocution
Armour
 a - a +1 robe (worn)
 o - a +0 buckler (worn)
 C - a +3 leather armour of positive energy
Jewellery
 e - a +2 ring of strength (left hand)
 r - an uncursed ring of flight
 y - an amulet of inaccuracy (around neck)
 D - a ring of protection from cold (right hand)
Wands
 p - a wand of flame (26)
 s - a wand of paralysis (20)
 x - a wand of polymorph (25)
Scrolls
 d - a scroll of blinking
 l - a scroll of teleportation
 E - a scroll of magic mapping
 H - a scroll of enchant armour
Potions
 f - 2 potions of brilliance
 h - a potion of ambrosia
 k - 3 potions of heal wounds
 m - 2 potions of mutation
 n - 2 potions of cancellation
 q - 2 potions of magic
 t - 4 potions of curing
 u - 2 potions of might
 z - a potion of invisibility
Books
 b - a book of Conjurations

   Spells                             Type                      Level
   a - Magic Dart                     Conjuration                  1
   b - Searing Ray                    Conjuration                  2
   c - Dazzling Spray                 Conjuration/Hexes            3
   d - Fulminant Prism                Conjuration/Hexes            4
   e - Force Lance                    Conjuration/Translocation    4
   f - Iskenderun's Mystic Blast      Conjuration                  4
 j - a book of Minor Magic

   Spells                             Type                      Level
   a - Magic Dart                     Conjuration                  1
   b - Blink                          Translocation                2
   c - Call Imp                       Summoning                    2
   d - Slow                           Hexes                        2
   e - Conjure Flame                  Conjuration/Fire             3
   f - Mephitic Cloud                 Conjuration/Poison/Air       3
 v - a book of Flames

   Spells                             Type                      Level
   a - Flame Tongue                   Conjuration/Fire             1
   b - Throw Flame                    Conjuration/Fire             2
   c - Conjure Flame                  Conjuration/Fire             3
   d - Inner Flame                    Hexes/Fire                   3
   e - Sticky Flame                   Conjuration/Fire             4
   f - Fireball                       Conjuration/Fire             5
 w - a book of Necromancy

   Spells                             Type                      Level
   a - Pain                           Necromancy                   1
   b - Animate Skeleton               Necromancy                   1
   c - Vampiric Draining              Necromancy                   3
   d - Regeneration                   Charms/Necromancy            3
   e - Animate Dead                   Necromancy                   4
   f - Borgnjor's Vile Clutch         Necromancy/Earth             5
 A - a book of Geomancy

   Spells                             Type                      Level
   a - Sandblast                      Earth                        1
   b - Passwall                       Transmutation/Earth          2
   c - Stone Arrow                    Conjuration/Earth            3
   d - Petrify                        Transmutation/Earth          4
   e - Lee's Rapid Deconstruction     Earth                        5
Comestibles
 c - 16 rations
 F - 3 chunks of flesh


   Skills:
 - Level 2.4 Dodging
 - Level 2.4 Stealth
 - Level 6.1 Shields
 + Level 9.5 Spellcasting
 * Level 11.5 Conjurations
 + Level 8.7 Hexes


You had 6 spell levels left.
You knew the following spells:

 Your Spells              Type           Power        Failure   Level  Hunger
a - Magic Dart            Conj           ####         1%          1    None
b - Searing Ray           Conj           ######       1%          2    None
c - Dazzling Spray        Conj/Hex       ######       1%          3    None
d - Iskenderun's Mystic   Conj           ######..     1%          4    ##.....
e - Fulminant Prism       Conj/Hex       ######....   1%          4    ##.....
f - Force Lance           Conj/Tloc      #####...     4%          4    ##.....
g - Sticky Flame          Conj/Fire      #####...     4%          4    ##.....


Dungeon Overview and Level Annotations

Branches:
Dungeon (9/15)             Temple (1/1) D:5            Lair (0/6) D:8
    Orc: D:9-12

Altars:
Ashenzari
Cheibriados
Dithmenos
Elyvilon
Fedhas
Hepliaklqana
Kikubaaqudgha
Makhleb
Nemelex Xobeh
Okawaru
Qazlal
Ru
Sif Muna
Trog
Uskayaw
Vehumet
Wu Jian
Xom
Yredelemnul
Zin
The Shining One

Annotations:
D:7 Stone's ghost, novice MiMo


Message History

You finish channeling your searing ray.
There is a stone staircase leading up here.
A hound comes into view.
The hound moves out of view.
Things that are here:
a hand axe; an orc skeleton The ogre barely misses you.
The ogre hits you with a giant club!!
There is a stone staircase leading up, spattered with blood here.
The ogre misses you.
You climb upwards.
There is a stone staircase leading down here.
Things that are here:
a robe; a war axe
Things that are here:
a robe; a falchion
There is a stone staircase leading up here.
The ogre hits you with a giant club!!
Ouch! That really hurt!
You die...

..........# #####....##.
..........# ##### #.....##.
.........## ##...### ##....###.
.........# #......## #.....# ##
.........# #.......####.....# #
........#####........##.....## #
............................# #
........#####[[.............#####
#......## #.[O@......##........
#..<...# #.........######.....
###...## #....###### ##.... #
##### ###### ##... # ##.. # ##.
#### #. ...### ## ....[# #


You could see an ogre.

Vanquished Creatures
  2 two-headed ogres (D:8)
  Pikel (D:8)
  Prince Ribbit (D:6)
  3 hippogriffs
  Sigmund (D:2)
  2 slaves (D:8)
  Duvessa (D:7)
  An orc warrior (D:7)
  3 sky beasts
  3 ogres
  4 centaurs
  5 bullfrogs
  Dowan (D:7)
  2 scorpions
  4 wights (D:8)
  A bullfrog zombie (D:7)
  A howler monkey (D:6)
  2 crimson imps (D:5)
  A quasit (D:6)
  6 orc priests
  4 orc wizards
  4 hounds
  A bullfrog skeleton (D:9)
  2 jellies
  Ijyb (D:5)
  Terence (D:3)
  3 iguanas
  8 worker ants
  A killer bee zombie (D:8)
  A hound zombie (D:6)
  3 gnolls (D:3)
  10 adders
  4 shadow imps
  An ooze (D:4)
  An adder zombie (D:9)
  An adder skeleton (D:4)
  3 worms (D:2)
  A dart slug (D:1)
  7 leopard geckos
  23 orcs
  5 giant cockroaches
  5 goblins
  3 hobgoblins
  2 jackals (D:4)
  7 kobolds
  3 quokkas
  4 ball pythons
  8 bats
  3 frilled lizards
  A giant cockroach zombie (D:6)
  4 rats
170 creatures vanquished.

Vanquished Creatures (others)
  A slave (D:8)
  28 fulminant prisms
29 creatures vanquished.

Grand Total: 199 creatures vanquished

Notes
Turn   | Place    | Note
-------+----------+-------------------------------------------
     0 | D:1      | KamiKatze the Deep Elf Conjurer began the quest for the Orb.
     0 | D:1      | Reached XP level 1. HP: 10/10 MP: 6/6
   121 | D:1      | Reached XP level 2. HP: 15/15 MP: 1/8
   125 | D:1      | Learned a level 2 spell: Searing Ray
   387 | D:1      | Reached skill level 5 in Conjurations
   874 | D:2      | Reached XP level 3. HP: 14/19 MP: 6/10
   880 | D:2      | Learned a level 3 spell: Dazzling Spray
  1117 | D:2      | Found a blossoming altar of Fedhas.
  1118 | D:2      | Found a stormy altar of Qazlal.
  1164 | D:2      | Reached skill level 1 in Hexes
  1164 | D:2      | Reached XP level 4. HP: 24/24 MP: 3/12
  1253 | D:2      | Noticed Sigmund
  1262 | D:2      | Killed Sigmund
  1262 | D:2      | Reached skill level 6 in Conjurations
  1262 | D:2      | Reached XP level 5. HP: 4/28 MP: 5/14
  1511 | D:2      | Found a shimmering altar of Xom.
  1564 | D:3      | Reached skill level 5 in Spellcasting
  1825 | D:3      | Noticed Terence
  1834 | D:3      | Killed Terence
  1834 | D:3      | Reached XP level 6. HP: 25/32 MP: 6/15
  2233 | D:3      | Learned a level 4 spell: Iskenderun's Mystic Blast
  2238 | D:3      | Learned a level 4 spell: Fulminant Prism
  2426 | D:4      | Reached skill level 7 in Conjurations
  2538 | D:4      | Found a snail-covered altar of Cheibriados.
  2887 | D:4      | Reached XP level 7. HP: 19/36 MP: 1/17
  3062 | D:4      | Reached skill level 1 in Shields
  3598 | D:5      | Entered Level 5 of the Dungeon
  3598 | D:5      | Noticed Ijyb
  3606 | D:5      | Paralysed by Ijyb for 4 turns
  3618 | D:5      | Killed Ijyb
  3687 | D:5      | Learned a level 4 spell: Force Lance
  3856 | D:5      | Found a staircase to the Ecumenical Temple.
  3867 | Temple   | Entered the Ecumenical Temple
  3908 | Temple   | Became a worshipper of Sif Muna the Loreminder
  4130 | D:5      | Reached skill level 8 in Conjurations
  4187 | D:5      | Reached XP level 8. HP: 11/41 MP: 0/19
  4439 | D:5      | Reached skill level 5 in Hexes
  4649 | D:6      | You fall through a shaft for 3 floors!
  4649 | D:9      | Noticed a hippogriff
  4665 | D:8      | Found a staircase to the Lair.
  5016 | D:6      | Noticed Prince Ribbit
  5302 | D:6      | Killed Prince Ribbit
  5394 | D:6      | Found a bloodstained altar of Trog.
  5437 | D:6      | Reached * piety under Sif Muna
  5437 | D:6      | Reached skill level 9 in Conjurations
  6132 | D:7      | Noticed a hippogriff
  6142 | D:7      | Killed a hippogriff
  6142 | D:7      | Reached XP level 9. HP: 39/45 MP: 4/22
  6339 | D:7      | Noticed Duvessa
  6351 | D:7      | Noticed Dowan
  6446 | D:7      | Killed Duvessa
  6446 | D:7      | Reached ** piety under Sif Muna
  6579 | D:7      | Killed Dowan
  6720 | D:7      | Found a hide-covered altar of Uskayaw.
  6735 | D:7      | Reached skill level 10 in Conjurations
  6742 | D:7      | Noticed Stone's ghost (novice MiMo)
  7681 | D:8      | Learned a level 4 spell: Sticky Flame
  8010 | D:8      | Reached skill level 5 in Shields
  8208 | D:8      | Reached *** piety under Sif Muna
  8221 | D:8      | Noticed Pikel
  8233 | D:8      | Killed Pikel
  8233 | D:8      | Reached XP level 10. HP: 43/50 MP: 7/24
  8254 | D:8      | Noticed a two-headed ogre
  8317 | D:8      | Killed a two-headed ogre
  8317 | D:8      | Reached skill level 11 in Conjurations
  8408 | D:8      | Noticed a two-headed ogre
  8456 | D:8      | Killed a two-headed ogre
  8842 | D:8      | Mangled by an ogre

Skill      XL: |  1  2  3  4  5  6  7  8  9 10 |
---------------+-------------------------------+-----
Conjurations   | 5 6 7 8 9 10 11 | 11.5
Spellcasting   | 4 5 6 7 8 9 |  9.5
Hexes          | 1 2 3 4 6 8 |  8.7
Shields        | 2 4 5 6 |  6.1
Dodging        | |  2.4
Stealth        | |  2.4

Action                   |  1- 3 |  4- 6 |  7- 9 | 10-12 || total
-------------------------+-------+-------+-------+-------++-------
Melee: Whip              |    21 |    10 |    27 |       ||    58
 Cast: Magic Dart        |    48 |    65 |   125 |    18 ||   256
       Searing Ray       |     5 |     9 |    35 |     7 ||    56
       Fulminant Prism   |       |     2 |    23 |     3 ||    28
       Dazzling Spray    |       |     1 |     7 |     1 ||     9
       Iskenderun's Myst |       |       |    25 |     4 ||    29
  Use: Scroll            |       |     4 |    14 |       ||    18
       Potion            |       |       |     2 |       ||     2
 Stab: Sleeping          |     2 |     1 |     1 |       ||     4
  Eat: Chunk             |     1 |     4 |    15 |     2 ||    22
       Ration            |       |       |     2 |       ||     2
Armor: Robe              |     6 |     5 |    17 |       ||    28
Dodge: Dodged            |    17 |    18 |    67 |    12 ||   114
Block: Buckler           |       |       |    22 |     4 ||    26
